 Dungeon Crawl Stone Soup version 0.29.1-2-gbd0b4ee654 (webtiles) character file.

Game seed: 9543573775143442705

67 yaboibolshack the Trooper (level 3, 0/33 HPs)
             Began as a Minotaur Berserker on Nov 7, 2022.
             Was a Believer of Trog.
             Slain by an orc wizard
             ... wielding a +0 dagger
              (2 damage)
             ... on level 3 of the Dungeon.
             The game lasted 00:08:59 (2773 turns).

yaboibolshack the Trooper (Minotaur Berserker)      Turns: 2773, Time: 00:09:00

Health: 0/33       AC: 11    Str: 23    XL:     3   Next: 98%
Magic:  2/2        EV:  5    Int:  4    God:    Trog [**....]
Gold:   121        SH:  0    Dex:  9    Spells: 2/2 levels left

rFire   . . .      SeeInvis .   a - +0 hand axe
rCold   . . .      Faith    .   k - +0 kite shield
rNeg    . . .      Spirit   .   c - +0 plate armour
rPois   .          Reflect  .   (helmet restricted)
rElec   .          Harm     .   (no cloak)
rCorr   .          Rampage  .   (no gloves)
Will    .....                   (no boots)
Stlth   ..........              (no amulet)
HPRegen 0.11/turn               (no ring)
MPRegen 0.08/turn               (no ring)

@: confused
A: horns 2, retaliatory headbutt
a: Renounce Religion, Berserk, Trog's Hand


You were on level 3 of the Dungeon.
You worshipped Trog.
Trog was pleased with you.
You visited 1 branch of the dungeon, and saw 3 of its levels.

You collected 121 gold pieces.

Inventory:

Hand Weapons
 a - a +0 hand axe (weapon)
Armour
 b - a +0 animal skin
 c - a +0 plate armour (worn)
 k - a +0 kite shield (worn)
Scrolls
 d - a scroll of noise {unknown}
 e - 4 scrolls of identify {unknown}
 i - 3 scrolls of magic mapping {unknown}
 j - a scroll of vulnerability {unknown}
 l - a scroll of blinking {unknown}
 m - a scroll of amnesia {unknown}
 p - a scroll of enchant armour {unknown}
 q - a scroll of poison {unknown}
Potions
 f - a potion of ambrosia {unknown}
 g - a potion of brilliance {unknown}
 h - a potion of resistance {unknown}
 n - a potion of haste {unknown}
 o - 2 potions of curing {unknown}


   Skills:
 + Level 4.3 Fighting
 + Level 4.2 Axes
 + Level 3.2 Armour
 + Level 3.1 Dodging


You had 2 spell levels left.
You didn't know any spells.
Your spell library was empty.

Dungeon Overview and Level Annotations

Branches:
Dungeon (3/15)

Altars:

Shops:
D:3 [


Innate Abilities, Weirdness & Mutations

You have a pair of horns on your head.
You reflexively headbutt those who attack you in melee.


Message History

You hear some strange, mumbled words.
You are confused.
You miss something. Something hits you but does no damage.
The orc priest casts a cantrip, but nothing happens.
Something hits you but does no damage.
The orc curses loudly.
You bump into the rock wall.
Something hits you but does no damage.
The orc priest mumbles some strange prayers to Beogh against you.
Beogh smites you!
You bump into the rock wall.
Something hits you but does no damage.
Okay, then.
You closely miss something.
You hear some strange, mumbled words.
A magic dart appears from out of thin air!
The magic dart hits you but does no damage.
You barely miss something. Your headbutt misses something.
Something hits you but does no damage.
You bump into the rock wall.
You hear some strange, mumbled words.
A puff of flame appears from out of thin air!
The puff of flame hits you but does no damage.
The orc priest miscasts a cantrip.
You miss something. Your headbutt misses something.
You feel less confused. Something hits you.
The orc priest invokes the aid of Beogh against you.
Beogh smites you!
* * * LOW HITPOINT WARNING * * *
Something hits you but does no damage.
You miss something. Your headbutt misses something.
You hear some strange, mumbled words.
You are confused.
The orc priest miscasts a cantrip.
You bump into the rock wall.
Something hits you but does no damage.
You bump into the rock wall.
You hear some strange, mumbled words.
Something tries to affect you, but you resist.
You closely miss something. Something hits you but does no damage.
You bump into the rock wall.
Something hits you.
You die...

... #.# ... .#
#o# #.##.# #o#
## #.##.# #o# .#
####.##.### #o#
.# ......... #{#
.# #.#.##.# #@#
.####.#....# #.#
..........># #.#
........#.[# #.#
#####.#.#..#
###.# #.#.#..#
#...# #.#.#..#
#.### #.#<..##
#.#
#####.##..##.#.#


You could see an orc priest and 3 orcs.

Vanquished Creatures
  An adder (D:2)
  2 worms
  3 dart slugs
  4 bats
  2 endoplasms
  2 giant cockroaches (D:2)
  3 goblins
  7 hobgoblins
  2 quokkas
  2 ball pythons (D:2)
  4 frilled lizards
  6 kobolds
  5 rats
43 creatures vanquished.

Notes
Turn   | Place    | Note
-------+----------+-------------------------------------------
     0 | D:1      | yaboibolshack the Minotaur Berserker began the quest for
                  | the Orb.
     0 | D:1      | Reached XP level 1. HP: 19/19 MP: 0/0
    80 | D:1      | Reached XP level 2. HP: 18/27 MP: 1/1
   904 | D:1      | Found a faded altar of an unknown god.
  1400 | D:2      | Reached XP level 3. HP: 33/33 MP: 2/2
  1616 | D:2      | Reached ** piety under Trog
  1792 | D:2      | Identified the +0 ring mail of Twilight {rPois rC+}
  2563 | D:3      | Found Bux Bitra's Armour Shoppe.
  2768 | D:3      | HP: 1/33 [orc priest/divine providence (10)]
  2773 | D:3      | Slain by an orc wizard

Illustrated notes

Levels and vault maps discovered:
D:1:      amcnicky_arrival_double_pillar, layout_loops_ring,
          hellmonk_ecumenical_altar_crossroads, minmay_misc_feat_secret_circle
D:2:      layout_rooms
D:3:      layout_basic, serial_shops, shop, nicolae_kite_square_tiling_tiny

Skill      XL: |  1  2  3 |
---------------+----------+-----
Axes           | 4 |  4.2
Fighting       | 4 |  4.3
Armour         | 3 |  3.2
Dodging        | 3 |  3.1

Action                   || total
-------------------------++-------
Melee: Hand axe          ||   127
       Headbutt          ||    17
Armor: Animal skin       ||     6
       Plate armour      ||    73
Dodge: Dodged            ||    65
Block: Kite shield       ||     9
